 Dungeon Crawl Stone Soup version 0.25.0-9-g26727b657a (webtiles) character file.

Game seed: 15208408104881540559

79 Luthien the Conjurer (level 4, -1/25 HPs)
             Began as a Gargoyle Conjurer on June 21, 2020.
             Killed from afar by Sigmund (6 damage)
             ... with a magic dart
             ... on level 3 of the Dungeon.
             The game lasted 00:06:51 (2982 turns).

Luthien the Conjurer (Gargoyle Conjurer)            Turns: 2982, Time: 00:06:51

Health: -1/25      AC:  5    Str: 11    XL:     4   Next: 37%
Magic:  4/8        EV: 12    Int: 17    God:
Gold:   185        SH:  0    Dex: 10    Spells: 5/8 levels left

rFire    . . .     SeeInvis .   h - +0 whip
rCold    . . .     Gourm    .   (no shield)
rNeg     + . .     Faith    .   a - +0 robe
rPois    ∞         Spirit   .   (no helmet)
rElec    +         Reflect  .   (no cloak)
rCorr    .         Harm     .   (no gloves)
MR       .....                  (no boots)
Stlth    ++........             (no amulet)
HPRegen  0.08/turn              (no ring)
MPRegen  0.11/turn              (no ring)

@: no status effects
A: negative energy resistance 1, electricity resistance, unbreathing,
petrification resistance, rot immunity, AC +3
a: no special abilities


You were on level 3 of the Dungeon.
You were hungry.

You visited 1 branch of the dungeon, and saw 3 of its levels.

You collected 185 gold pieces.

Inventory:

Hand Weapons
 h - a +0 whip (weapon)
 l - a +0 whip
 m - a +0 hand axe
 n - a +0 club
 s - a +0 hunting sling
 y - a +0 short sword
Missiles
 e - 72 arrows
 k - 129 stones (quivered)
Armour
 a - a +0 robe (worn)
Jewellery
 r - an uncursed ring of protection from cold {unknown}
 z - an uncursed ring of poison resistance
Wands
 x - a wand of random effects (16)
 C - a wand of enslavement (2)
Scrolls
 d - a scroll of fear {unknown}
 g - 2 scrolls of teleportation {unknown}
 i - a scroll of noise {unknown}
 j - 5 scrolls of remove curse {unknown}
 o - a scroll of immolation {unknown}
 t - a scroll of blinking {unknown}
 w - 6 scrolls of identify {unknown}
 B - a scroll of amnesia {unknown}
Potions
 b - a potion of brilliance {unknown}
 f - a potion of haste {unknown}
 p - 3 potions of heal wounds {unknown}
 q - a potion of cancellation {unknown}
 u - a potion of flight {unknown}
 v - 2 potions of curing {unknown}
Comestibles
 c - a ration


   Skills:
 + Level 1.0 Fighting
 + Level 2.1 Dodging
 - Level 3.0 Stealth
 + Level 2.7 Spellcasting
 + Level 4.9 Conjurations


You had 5 spell levels left.
You knew the following spells:

 Your Spells              Type           Power        Failure   Level  Hunger
a - Magic Dart            Conj           ###.         2%          1    #......
b - Searing Ray           Conj           ###...       3%          2    ##.....

Your spell library contained the following spells:

 Spells                   Type           Power        Failure   Level  Hunger
 Dazzling Flash           Conj/Hex       ##....       21%         3    ###....
 Fulminant Prism          Conj/Hex       ##........   54%         4    #####..
 Iskenderun's Mystic Bla  Conj/Tloc      ##......     54%         4    #####..


Dungeon Overview and Level Annotations

Branches:
Dungeon (3/15)

Altars:
Fedhas
Kikubaaqudgha
Sif Muna

Annotations:
D:3 Sigmund


Innate Abilities, Weirdness & Mutations

You are resistant to torment.
Your stone body is resilient. (AC +3)
You are immune to poison.
You resist negative energy. (rN+)
You are resistant to electric shocks. (rElec)
You can survive without breathing.
You are immune to petrification.
You are immune to rotting.


Message History

A puff of flame appears from out of thin air!
The puff of flame hits you.
Casting: Magic Dart (safe; 2% risk of failure)
Confirm with . or Enter, or press ? or * to list all spells.
Aiming: Searing Ray (safe; 3% risk of failure)
Press: ? - help, Shift-Dir - straight line (Press . to maintain the ray.)
Something hits you!
The searing ray hits something!
The searing ray hits something.
You finish channeling your searing ray.
Something hits you!
* * * LOW HITPOINT WARNING * * *
Sigmund appears from thin air!
Reactivating autopickup.
Sigmund points at you and mumbles some strange words.
You resist with some effort.
You see here a +0 morningstar.
Sigmund casts a spell at you. The magic dart hits you.
You die...

........(.# #########.##.###.#
#.####.#########.........##.##...
#.# #.......{....#########......
#.# #..########@.# ####...
#.####..# #..# ##.. ........#
#..# #.. #...##.## #..###### #..
###.##.# #)....... ### #
#.##.#### #@.###### # #
#.##....## ###.####### #
###.##.....###.......... #
.............>..>.###### #
######.....###.#..# # #....##
#.#..# # #.#.## #.#..###### #####
#.#.# #.#.......# #.... #.#.#
#.#.#####.# #.###


You could see Sigmund.

Vanquished Creatures
  An adder (D:2)
  A dart slug (D:3)
  6 leopard geckos
  2 orcs (D:3)
  6 bats
  6 giant cockroaches
  2 goblins
  11 hobgoblins
  A quokka (D:3)
  3 frilled lizards
  7 kobolds
  9 rats
55 creatures vanquished.

Notes
Turn   | Place    | Note
-------+----------+-------------------------------------------
     0 | D:1      | Luthien the Gargoyle Conjurer began the quest for the Orb.
     0 | D:1      | Reached XP level 1. HP: 10/10 MP: 3/3
   429 | D:1      | Reached XP level 2. HP: 15/15 MP: 1/5
  1113 | D:2      | Reached XP level 3. HP: 19/19 MP: 1/6
  1272 | D:2      | Learned a level 2 spell: Searing Ray
  1372 | D:2      | Found a shimmering blue altar of Sif Muna.
  1746 | D:2      | Found an ancient bone altar of Kikubaaqudgha.
  1749 | D:2      | Found a blossoming altar of Fedhas.
  2256 | D:3      | Reached XP level 4. HP: 24/24 MP: 1/7
  2948 | D:3      | Reached skill level 1 in Fighting
  2955 | D:3      | Noticed Sigmund
  2982 | D:3      | Killed from afar by Sigmund

Illustrated notes

Levels and vault maps discovered:
D:1:      dpeg_arrival_rooms_a, layout_loops_ring,
          chequers_serial_rivers_micro_e, minmay_misc_feat_plants
D:2:      layout_rooms, grunt_temple_overflow_growth_and_decay,
          lemuel_blue_sif_altar
D:3:      minmay_wonky_spiral, layout_loops_ring, zin_scriptorium, uniq_sigmund

Skill      XL: |  1  2  3  4 |
---------------+-------------+-----
Dodging        | 2 |  2.1
Stealth        | 3 |  3.0
Fighting       | 1 |  1.0
Spellcasting   | |  2.7
Conjurations   | |  4.9

Action                   |  1- 3 |  4- 6 || total
-------------------------+-------+-------++-------
Melee: Unarmed           |     1 |       ||     1
       Whip              |     8 |    11 ||    19
Throw: Stone             |       |     3 ||     3
 Cast: Magic Dart        |    82 |    26 ||   108
       Searing Ray       |       |     4 ||     4
  Eat: Chunk             |     3 |     4 ||     7
Armor: Robe              |     6 |     1 ||     7
Dodge: Dodged            |    12 |     8 ||    20
